 Dungeon Crawl Stone Soup version 0.21.1-68-g103a7af (webtiles) character file.

343 Ceann the Chiller (level 6, -3/32 HPs)
             Began as an Octopode Ice Elementalist on Aug 3, 2018.
             Slain by a gnoll shaman
             ... wielding a +0 whip of venom
              (11 damage)
             ... on level 5 of the Dungeon.
             The game lasted 00:12:07 (3093 turns).

Ceann the Chiller (Octopode Ice Elementalist)       Turns: 3093, Time: 00:12:08

Health: -3/32      AC:  7    Str: 12    XL:     6   Next: 57%
Magic:  12/12      EV: 15    Int: 20    God:
Gold:   145        SH:  0    Dex: 14    Spells: 5/13 levels left

rFire    . . .     SeeInvis .   c - +1 whip (drain)
rCold    . . .     Gourm    .   (no shield)
rNeg     . . .     Faith    +   (helmet restricted)
rPois    .         Spirit   .   q - amulet of faith
rElec    .         Reflect  .   n - ring of wizardry
rCorr    .         Harm     .   o - +2 ring of dexterity
MR       .....     Clarity  +   (no ring)
Stlth    ++........             (no ring)
HPRegen  0.10/turn              (no ring)
MPRegen  0.13/turn              (no ring)
                                (no ring)
                                (no ring)

@: confused, mighty, lethally poisoned (-3 -> -30), icy armour, hasted, very
quick
A: almost no armour, stealthy swim, amphibious, 8 rings, constrict 8, repulsion
field 1, camouflage 1, clarity, frail 1, gelatinous body 1
a: no special abilities


You were on level 5 of the Dungeon.
You were not hungry.

You visited 1 branch of the dungeon, and saw 5 of its levels.

You collected 145 gold pieces.

Inventory:

Hand Weapons
 c - a +1 whip of draining (weapon)
Jewellery
 n - a ring of wizardry (left tentacle)
 o - a +2 ring of dexterity (right tentacle)
 q - an amulet of faith (around mantle)
Wands
 s - a wand of iceblast (8)
Scrolls
 e - 2 scrolls of identify {unknown}
 g - 5 scrolls of remove curse {unknown}
 i - a scroll of fog {unknown}
 k - a scroll of enchant weapon {unknown}
 m - a scroll of teleportation {unknown}
Potions
 h - a potion of might
 p - a potion of haste
Books
 a - a book of Frost

   Spells                             Type                      Level
   a - Freeze                         Ice                          1
   b - Throw Frost                    Conjuration/Ice              2
   c - Ozocubu's Armour               Charms/Ice                   3
   d - Throw Icicle                   Conjuration/Ice              4
   e - Summon Ice Beast               Ice/Summoning                4
Comestibles
 b - 4 rations
 l - 4 chunks of flesh


   Skills:
 + Level 0.2 Fighting
 + Level 0.8 Maces & Flails
 + Level 2.2 Dodging
 + Level 4.1 Stealth
 + Level 4.0 Spellcasting
   Level 1.0 Conjurations
 * Level 1.8 Charms
 + Level 4.7 Ice Magic


You had 5 spell levels left.
You knew the following spells:

 Your Spells              Type           Power        Failure   Level  Hunger
a - Freeze                Ice            ###.         1%          1    None
b - Ozocubu's Armour      Chrm/Ice       ###.....     4%          3    ###....
c - Summon Ice Beast      Ice/Summ       ##......     19%         4    ####...


Dungeon Overview and Level Annotations

Branches:
Dungeon (5/15)
 Temple: D:4-7

Altars:
Ashenzari
Xom
Yredelemnul


Innate Abilities, Weirdness & Mutations

You cannot wear most types of armour.
You are very stealthy in the water. (Stealth+)
You are amphibious.
You can wear up to eight rings at the same time.
You can use your tentacles to constrict eight enemies at once.
Your skin changes colour to match your surroundings (Stealth+).
Your rubbery body absorbs attacks. (AC +1, EV +1)
You are surrounded by a mild repulsion field. (EV +2)
You possess an exceptional clarity of mind.
You are frail. (-10% HP)


Message History

It was a potion of haste.
You feel yourself speed up.
You feel very sick. The gnoll completely misses you.
The gnoll closely misses you. The gnoll hits you.
The gnoll shaman closely misses you.
You're too confused to cast spells.
You're too confused!
You closely miss the gnoll shaman. Your squeeze misses the gnoll shaman.
The gnoll shaman is moderately wounded.
You feel sick. The gnoll hits you but does no damage.
The gnoll hits you from afar with a halberd!
* * * LOW HITPOINT WARNING * * *
The gnoll shaman closely misses you. The gnoll closely misses you.
It was a potion of magic.
Magic courses through your body.
* * * LOW HITPOINT WARNING * * *
You feel sick.
You're too confused!
You bump into the rock wall.
You feel sick. The gnoll hits you with a club.
* * * LOW HITPOINT WARNING * * *
The gnoll shaman hits you with a whip of venom!
You die...

.[.....)########.........
#######.[# #.........
#........## #.........
#.........# #.........
#.........## #.........
#..........# #.........
#........#.# #.........
#........#..# ##########
#......g@##.# #
#....!ggg# .# #
#.......g# # #......### #
#....... # ..........
....####.... .... #.....
... #......


You could see a gnoll shaman and 4 gnolls.

Vanquished Creatures
  A scorpion (D:4)
  An orc priest (D:3)
  2 orc wizards
  Jessica (D:3)
  A worker ant (D:4)
  A hound skeleton (D:4)
  A gnoll (D:5)
  5 adders
  An adder skeleton (D:4)
  2 dart slugs
  2 leopard geckos
  11 orcs
  7 bats
  4 giant cockroaches
  7 goblins
  3 hobgoblins (D:1)
  3 jackals (D:3)
  A quokka (D:3)
  5 frilled lizards
  12 kobolds
  A quokka skeleton (D:5)
  11 rats
83 creatures vanquished.

Notes
Turn   | Place    | Note
-------+----------+-------------------------------------------
     0 | D:1      | Ceann the Octopode Ice Elementalist began the quest for the Orb.
     0 | D:1      | Reached XP level 1. HP: 11/11 MP: 3/3
   101 | D:1      | Reached XP level 2. HP: 10/17 MP: 5/5
   497 | D:1      | Reached XP level 3. HP: 20/21 MP: 4/6
  1226 | D:2      | Found a shimmering altar of Xom.
  1227 | D:2      | Found a shimmering altar of Xom.
  1228 | D:2      | Found a shimmering altar of Xom.
  1229 | D:2      | Found a shimmering altar of Xom.
  1230 | D:2      | Found a shimmering altar of Xom.
  1232 | D:2      | Reached XP level 4. HP: 24/27 MP: 6/8
  1491 | D:2      | Found a basalt altar of Yredelemnul.
  1821 | D:3      | Found a faded altar of an unknown god.
  1845 | D:3      | Learned a level 3 spell: Ozocubu's Armour
  1861 | D:3      | Noticed Jessica
  1865 | D:3      | Killed Jessica
  1865 | D:3      | Reached XP level 5. HP: 31/31 MP: 4/10
  2533 | D:4      | Found a shattered altar of Ashenzari.
  2546 | D:4      | Reached skill level 1 in Charms
  2564 | D:4      | Reached XP level 6. HP: 27/36 MP: 6/11
  2971 | D:5      | Entered Level 5 of the Dungeon
  2977 | D:5      | Learned a level 4 spell: Summon Ice Beast
  3084 | D:5      | Gained mutation: You possess an exceptional clarity of mind. [potion of mutation]
  3084 | D:5      | Gained mutation: You are frail. (-10% HP) [potion of mutation]
  3084 | D:5      | Gained mutation: You are surrounded by a mild repulsion field. (EV +2) [potion of mutation]
  3093 | D:5      | Slain by a gnoll shaman

Skill      XL: |  1  2  3  4  5  6 |
---------------+-------------------+-----
Stealth        | 3 4 |  4.1
Spellcasting   | 3 4 |  4.0
Ice Magic      | 4 |  4.7
Charms         | 1 |  1.8
Fighting       | |  0.2
Maces & Flails | |  0.8
Dodging        | |  2.2
Conjurations   | |  1.0

Action                   |  1- 3 |  4- 6 || total
-------------------------+-------+-------++-------
Melee: Unarmed           |    12 |       ||    12
       Whip              |    19 |    39 ||    58
       Constrict         |    11 |    14 ||    25
       Tentacles         |     5 |    12 ||    17
 Cast: Freeze            |    43 |    62 ||   105
       Ozocubu's Armour  |       |     4 ||     4
  Use: Potion            |       |     6 ||     6
 Stab: Sleeping          |     3 |     5 ||     8
       Distracted        |       |     1 ||     1
  Eat: Chunk             |     1 |     6 ||     7
Armor: Skin              |     6 |    14 ||    20
Dodge: Dodged            |    41 |    61 ||   102
